 Dungeon Crawl Stone Soup version 0.21-a0-91-ga5031da (webtiles) character file.

486 KristoblXynda the Slasher (level 6, 0/48 HPs)
             Began as a Draconian Gladiator on June 29, 2017.
             Shot with a bolt by a kobold (1 damage)
             ... in a sewer.
             The game lasted 00:06:28 (3325 turns).

KristoblXynda the Slasher (Draconian Gladiator)     Turns: 3325, Time: 00:06:29

Health: 0/48       AC:  7    Str: 16    XL:     6   Next: 89%
Magic:  6/6        EV: 14    Int: 10    God:
Gold:   151        SH:  0    Dex: 13    Spells: 5/5 levels left

rFire    . . .     SeeInvis .   r - +2 scimitar (holy)
rCold    . . .     Gourm    .   (no shield)
rNeg     . . .     Faith    .   (armour unavailable)
rPois    .         Spirit   .   b - +0 hat
rElec    .         Reflect  .   n - +0 cloak
rCorr    .         Harm     .   (no gloves)
MR       +....                  (no boots)
Stlth    +.........             (no amulet)
HPRegen  0.16/turn              s - ring of wizardry
MPRegen  0.10/turn              o - ring of protection from magic

@: no status effects
A: unfitting armour, cold-blooded, AC +6
a: no special abilities


You were in a sewer.
You were not hungry.

You visited 1 branch of the dungeon, and saw 4 of its levels.
You also visited: Sewer.

You collected 151 gold pieces.

Inventory:

Hand Weapons
 r - a +2 scimitar of holy wrath (weapon)
Missiles
 c - 2 throwing nets (quivered)
Armour
 b - a +0 hat (worn)
 n - a +0 cloak (worn)
Jewellery
 k - an uncursed ring of magical power
 o - a ring of protection from magic (right hand)
 s - a ring of wizardry (left hand)
Scrolls
 e - 5 scrolls of remove curse
 p - 3 scrolls of identify
 w - a scroll of teleportation {unknown}
Potions
 f - a potion of brilliance
 l - a potion of might
Comestibles
 a - 4 chunks of flesh
 d - 4 bread rations
 q - 2 royal jellies


   Skills:
 - Level 2.1 Fighting
 * Level 5.1 Long Blades
 - Level 4.0 Throwing
 + Level 4.7 Dodging


You had 5 spell levels left.
You didn't know any spells.

Dungeon Overview and Level Annotations

Branches:
Dungeon (4/15)
 Temple: D:4-7

Altars:
Ashenzari
Gozag
Qazlal
Sif Muna
Wu Jian


Innate Abilities, Weirdness & Mutations

Your plain brown scales are hard. (AC +6)
You cannot fit into any form of body armour.
You are cold-blooded and may be slowed by cold attacks.


Message History

You tail-slap the big kobold, but do no damage.
The big kobold is almost dead.
The big kobold closely misses you. The kobold misses you.
You riposte.
You slash the kobold!
You kill the kobold!
The kobold unwields an uncursed club.
The kobold wields a hand crossbow.
The kobold shoots a bolt.
The bolt closely misses you.
The kobold hits you with a short sword of holy wrath.
* * * LOW HITPOINT WARNING * * *
The big kobold misses you.
Unknown command.
You slash the big kobold!
You kill the big kobold!
Your Long Blades skill increases to level 5!
The kobold barely misses you.
The kobold shoots a bolt.
The bolt closely misses you.
Unknown command.
You hit the kobold but do no damage. The kobold hits you but does no damage.
The kobold shoots a bolt.
The bolt hits you.
You die...

≈≈≈ ≈≈≈ ≈≈≈≈≈≈≈≈ ###
### ####### #!?#!!#
#..#..# !...!
#.....# ##...## #≈
##...## #.....# #≈#
#.....# #..K..##≈#≈#
#..†).#
###)###≈#≈#≈####'###
#.K@†.≈≈≈≈≈≈≈≈≈≈...#
#....≈≈≈≈≈≈≈≈≈≈≈...#
##.....≈≈≈≈≈≈≈≈≈....
#....#≈≈≈≈≈≈≈≈≈....
#....##≈≈≈≈≈≈≈....#
#.(..(#≈≈≈≈≈≈≈≈...#
#......≈≈≈≈≈≈≈....#
##.....≈≈≈≈≈≈≈.....
##.....≈≈≈≈≈≈≈....


You could see 2 kobolds.

Vanquished Creatures
  2 big kobolds (Sewer)
  The ghost of braks the Poker, a weakling MfMo (D:3)
  A bullfrog skeleton (D:4)
  A hound skeleton (D:4)
  8 adders
  A gnoll (D:1)
  9 river rats (Sewer)
  2 oozes
  2 worms
  A dart slug (D:1)
  5 leopard geckos
  3 orcs
  7 ball pythons
  5 bats
  4 giant cockroaches
  4 goblins
  10 hobgoblins
  2 jackals (D:1)
  2 quokkas
  2 frilled lizards (D:1)
  6 kobolds
  19 rats
97 creatures vanquished.

Notes
Turn   | Place    | Note
-------+----------+-------------------------------------------
     0 | D:1      | KristoblXynda the Draconian Gladiator began the quest for the Orb.
     0 | D:1      | Reached XP level 1. HP: 17/17 MP: 1/1
    15 | D:1      | Reached XP level 2. HP: 24/24 MP: 2/2
   394 | D:1      | Reached XP level 3. HP: 22/29 MP: 3/3
   891 | D:2      | Reached XP level 4. HP: 28/36 MP: 4/4
  1615 | D:3      | Found an opulent altar of Gozag.
  1988 | D:3      | Reached skill level 4 in Long Blades
  2069 | D:3      | Found a shattered altar of Ashenzari.
  2069 | D:3      | Found a faded altar of an unknown god.
  2074 | D:3      | Found a deep blue altar of Sif Muna.
  2076 | D:3      | Found a stormy altar of Qazlal.
  2077 | D:3      | Found an ornate altar of the Wu Jian Council.
  2134 | D:3      | Noticed braks's ghost (weakling MfMo)
  2137 | D:3      | Killed braks's ghost
  2137 | D:3      | Reached XP level 5. HP: 40/41 MP: 5/5
  2603 | D:4      | Found a glowing drain.
  2623 | Sewer    | Entered a sewer
  2938 | Sewer    | Reached XP level 6. HP: 31/48 MP: 6/6
  3323 | Sewer    | HP: 1/48 [kobold/short sword of holy wrath (4)]
  3324 | Sewer    | Reached skill level 5 in Long Blades
  3325 | Sewer    | Shot with a bolt by a kobold

Vault maps used:
D:1:      scummos_arrival_forest
D:2:      kennysheep_six_static_rooms
D:3:      nicolae_gozag_cash_rules_everything_around_me,
          chequers_temple_overflow_minitemple, first_bread
D:4:      portal_sewer_entry_a, uniq_crazy_yiuf_cottage
Sewer:    sewer_minmay_treatment

Skill      XL: |  1  2  3  4  5  6 |
---------------+-------------------+-----
Throwing       | 2 3 4 |  4.0
Dodging        | 3 4 |  4.7
Long Blades    | 4 5 |  5.1
Fighting       | |  2.1

Action                   |  1- 3 |  4- 6 || total
-------------------------+-------+-------++-------
Melee: Long sword        |    91 |       ||    91
       Tailslap          |    17 |    16 ||    33
       Scimitar          |       |   160 ||   160
Throw: Throwing net      |     1 |       ||     1
  Use: Scroll            |       |     8 ||     8
       Potion            |       |     7 ||     7
 Stab: Sleeping          |       |     2 ||     2
  Eat: Chunk             |       |     4 ||     4
       Royal jelly       |       |     1 ||     1
       Meat ration       |       |     1 ||     1
Armor: Skin              |    26 |    59 ||    85
Dodge: Dodged            |    74 |   194 ||   268
       Rpst.: Long sword |    26 |       ||    26
       Scimitar          |       |    63 ||    63
